 Dungeon Crawl Stone Soup version 0.22-a0-800-g058c00f (webtiles) character file.

79 robertstho the Skirmisher (level 4, -2/49 HPs)
             Began as an Ogre Fighter on July 21, 2018.
             Slain by an orc wizard
             ... wielding a +0 dagger
              (5 damage)
             ... on level 3 of the Dungeon.
             The game lasted 00:02:32 (1595 turns).

robertstho the Skirmisher (Ogre Fighter)            Turns: 1595, Time: 00:02:34

Health: -2/49      AC:  3    Str: 20    XL:     4   Next: 38%
Magic:  4/4        EV:  8    Int:  9    God:
Gold:   184        SH:  8    Dex:  9    Spells: 3/3 levels left

rFire    . . .     SeeInvis .   a - +0 war axe
rCold    . . .     Gourm    .   c - +0 shield
rNeg     + . .     Faith    .   b - +0 robe
rPois    .         Spirit   .   (helmet restricted)
rElec    .         Reflect  .   (no cloak)
rCorr    .         Harm     .   (gloves unavailable)
MR       .....                  (boots unavailable)
Stlth    +.........             (no amulet)
HPRegen  0.16/turn              i - ring of positive energy
MPRegen  0.09/turn              (no ring)

@: slowed, very slow
A: large, unfitting armour, tough skin 1
a: no special abilities


You were on level 3 of the Dungeon.
You were not hungry.

You visited 1 branch of the dungeon, and saw 3 of its levels.

You collected 184 gold pieces.

Inventory:

Hand Weapons
 a - a +0 war axe (weapon)
 q - a +0 dire flail
Armour
 b - a +0 robe (worn)
 c - a +0 shield (worn)
Jewellery
 i - a ring of positive energy (left hand)
 m - a +4 ring of intelligence {unknown}
 r - an uncursed ring of flight {unknown}
Scrolls
 d - a scroll of amnesia {unknown}
 e - 3 scrolls of identify {unknown}
 j - a scroll of magic mapping {unknown}
 k - a scroll of fear {unknown}
 l - 3 scrolls of blinking {unknown}
 n - a scroll of remove curse {unknown}
 p - a scroll of noise {unknown}
Potions
 g - a potion of magic {unknown}
 h - a potion of lignification {unknown}
 s - a potion of haste {unknown}
Comestibles
 f - 6 rations
 o - 7 chunks of flesh


   Skills:
 + Level 4.8 Fighting
 * Level 3.5 Axes
 + Level 2.8 Dodging
 + Level 3.0 Shields


You had 3 spell levels left.
You didn't know any spells.
Your spell library was empty.

Dungeon Overview and Level Annotations

Branches:
Dungeon (3/15)

Altars:


Innate Abilities, Weirdness & Mutations

You are too large for most types of armour.
You have tough skin. (AC +1)


Message History

The orc wizard is heavily wounded.
The orc wizard points at you and mumbles some strange words.
You feel yourself slow down. The orc wizard casts a spell at you.
The magic dart hits you!
* * * LOW HITPOINT WARNING * * *
You closely miss the orc wizard.
The orc wizard is heavily wounded.
The orc wizard hits you but does no damage.
The orc wizard barely misses you.
The orc wizard points at you and mumbles some strange words.
You feel as though you will be slow longer.
You hit the orc wizard but do no damage.
The orc wizard is heavily wounded.
The orc wizard hits you but does no damage.
The orc wizard gestures at you while chanting.
The magic dart hits you!
* * * LOW HITPOINT WARNING * * *
The orc wizard hits you with a dagger.
You die...

# #.
#####.#####
..........#
#!o@.<#
...(...)).#
###.......#
##....###
####.# #..
... ##.


You could see an orc wizard.

Vanquished Creatures
  3 adders (D:2)
  An ooze (D:1)
  A worm (D:2)
  A leopard gecko (D:1)
  3 orcs (D:3)
  6 bats
  2 giant cockroaches (D:1)
  4 goblins
  4 hobgoblins (D:1)
  A quokka (D:2)
  5 frilled lizards
  3 kobolds
  10 rats
44 creatures vanquished.

Notes
Turn   | Place    | Note
-------+----------+-------------------------------------------
     0 | D:1      | robertstho the Ogre Fighter began the quest for the Orb.
     0 | D:1      | Reached XP level 1. HP: 24/24 MP: 1/1
   356 | D:1      | Reached XP level 2. HP: 29/32 MP: 2/2
   545 | D:1      | Reached XP level 3. HP: 28/40 MP: 3/3
  1411 | D:2      | Reached XP level 4. HP: 49/49 MP: 4/4
  1595 | D:3      | Slain by an orc wizard

Vault maps used:
D:1:      lightli_arrival_noodles, minmay_split_cup_large

Skill      XL: |  1  2  3  4 |
---------------+-------------+-----
Axes           | 3 |  3.5
Shields        | 3 |  3.0
Fighting       | |  4.8
Dodging        | |  2.8

Action                   |  1- 3 |  4- 6 || total
-------------------------+-------+-------++-------
Melee: War axe           |   113 |    22 ||   135
  Use: Potion            |     1 |       ||     1
  Eat: Chunk             |     2 |       ||     2
Armor: Robe              |    35 |    12 ||    47
Dodge: Dodged            |    38 |    14 ||    52
Block: Shield            |    55 |    12 ||    67

Table legend:
 A = Spawn XP
 B = Non-spawn XP
 C = Spawn XP percentage of total XP
 D = Spawn monster count
 E = Non-spawn monster count
 F = Spawn count percentage of total count
 G = Total turns spent on level
                    A         B        C        D         E        F      G
               +---------+---------+-------+---------+---------+-------+---------
         Total |       0 |     114 |   0.0 |       0 |      44 |   0.0 |  1595
               +---------+---------+-------+---------+---------+-------+---------
           D:1 |       0 |      38 |   0.0 |       0 |      20 |   0.0 |   919
           D:2 |       0 |      65 |   0.0 |       0 |      20 |   0.0 |   661
           D:3 |       0 |      11 |   0.0 |       0 |       4 |   0.0 |    15
               +---------+---------+-------+---------+---------+-------+---------
